 Dungeon Crawl Stone Soup version 0.27-b1-42-g19c61b19a5 (webtiles) character file.

Game seed: 5042864366855196116

186 hawla the Covert (level 5, -5/32 HPs)
             Began as a Deep Elf Delver on July 29, 2021.
             Slain by a gnoll (8 damage)
             ... on level 3 of the Dungeon.
             The game lasted 00:09:48 (3009 turns).

hawla the Covert (Deep Elf Delver)                  Turns: 3009, Time: 00:09:48

Health: -5/32      AC:  4    Str:  9    XL:     5   Next: 38%
Magic:  7/7        EV: 12    Int: 16    God:
Gold:   114        SH:  0    Dex: 16    Spells: 4/4 levels left

rFire    . . .     SeeInvis .   a - +0 short sword
rCold    . . .     Faith    .   (no shield)
rNeg     . . .     Spirit   .   b - +0 leather armour
rPois    .         Reflect  .   (no helmet)
rElec    .         Harm     .   (no cloak)
rCorr    .         Rampage  .   (no gloves)
Will     .....                  h - +0 pair of boots
Stlth    ++++......             (no amulet)
HPRegen  0.10/turn              (no ring)
MPRegen  0.10/turn              (no ring)

@: no status effects
A: no striking features
a: no special abilities


You were on level 3 of the Dungeon.
You visited 1 branch of the dungeon, and saw 5 of its levels.

You collected 114 gold pieces.

Inventory:

Hand Weapons
 a - a +0 short sword (weapon)
Missiles
 i - 3 silver javelins (quivered)
Armour
 b - a +0 leather armour (worn)
 h - a +0 pair of boots (worn)
Magical Staves
 e - a staff of death
Jewellery
 m - a ring of fire
Wands
 g - a wand of digging (2)
Scrolls
 c - a scroll of fog
 d - 3 scrolls of magic mapping
 j - 2 scrolls of identify
 n - a scroll of brand weapon {unknown}
Potions
 f - a potion of cancellation


   Skills:
 + Level 2.9 Fighting
 + Level 3.2 Short Blades
 + Level 0.1 Throwing
 + Level 2.9 Dodging
 + Level 8.0 Stealth
 + Level 0.1 Evocations


You had 4 spell levels left.
You didn't know any spells.
Your spell library contained the following spells:

 Spells                   Type           Power      Damage    Failure   Level
 Olgreb's Toxic Radiance  Pois           0%         N/A       98%         4
 Ozocubu's Refrigeration  Ice            0%         4d5       100%        7
 Ignition                 Fire           0%         3d3       100%        8


Dungeon Overview and Level Annotations

Branches:
Dungeon (5/15)
 Temple: D:4-7

Altars:
Ru


Message History

Press: ? - help, v - describe, . - travel, g - get item
Here: a gnoll, wielding a +0 club (almost dead)
Items here: a +0 dagger; a +0 dagger; a kobold corpse.
The floor.
You closely miss the gnoll.
The gnoll is almost dead.
The gnoll barely misses you.
You hit the gnoll but do no damage.
The gnoll is almost dead.
The gnoll hits you with a +0 club!
* * * LOW HITPOINT WARNING * * *
You hit the gnoll.
You kill the gnoll!
You hit the ball python.
You kill the ball python!
The gnoll shouts!
You hear a shout!
Items here: ))) ? ††.
You close the door.
Something unseen opens the door.
A gnoll is nearby!
An endoplasm comes into view.
A frilled lizard comes into view.
The endoplasm quivers.
Throw: 5 javelins (silver)
Press: ? - help, Q - select action Shift-Dir - straight line, f - endoplasm
Aim: an endoplasm (86% to hit)
You throw a silver javelin.
The silver javelin pierces through the endoplasm.
The endoplasm is moderately wounded.
Throw: 4 javelins (silver)
Press: ? - help, Q - select action Shift-Dir - straight line, f - gnoll, p - endoplasm
Aim: a gnoll, wielding a +0 flail (64% to hit)
You throw a silver javelin.
The silver javelin pierces through the gnoll but does no damage.
The gnoll is lightly wounded.
The endoplasm freezes you.
You are frozen.
* * * LOW HITPOINT WARNING * * *
The gnoll hits you with a +0 flail!
You die...

#.#....<..##.# ##
#########################
.# ##. .##.....>...# .###
##.. ..#.......#.# _..#
.(l#..####.##.#.# .#.#
..... #.##.#.# ...## ...
#.##.#># ....## #J#
#.##.#.# ###..# #@#
#....#.# #.## #g# ###..#.#
#.## #.# #..#.# #.##.
##.## #.##.# ###...
##.?.## #.##.#
.....#####..(..######.##.#
#.....)...#..#.........#
.....##'##.....######.####
#S. ##...##...## #.#


You could see a gnoll, an endoplasm and a frilled lizard (wandering).

Vanquished Creatures
  A bullfrog (D:3)
  A hound (D:4)
  A hound zombie (D:3)
  A gnoll (D:3)
  An adder (D:3)
  A worm (D:2)
  3 dart slugs
  An orc (D:4)
  6 bats
  4 endoplasms
  3 giant cockroaches
  4 goblins
  4 hobgoblins
  4 jackals
  A quokka (D:1)
  3 ball pythons
  6 frilled lizards
  7 kobolds
  3 rats
55 creatures vanquished.

Notes
Turn   | Place    | Note
-------+----------+-------------------------------------------
     0 | D:5      | hawla the Deep Elf Delver began the quest for the Orb.
     0 | D:5      | Reached XP level 1. HP: 13/13 MP: 3/3
    51 | D:5      | Noticed an orc priest
    52 | D:5      | Noticed an orc wizard
    61 | D:4      | Noticed a hound
    61 | D:4      | Noticed an iguana
   113 | D:3      | Noticed a bullfrog
   119 | D:3      | Killed a bullfrog
   120 | D:3      | Reached skill level 7 in Stealth
   120 | D:3      | Reached XP level 2. HP: 13/18 MP: 4/4
   120 | D:3      | Reached XP level 3. HP: 16/22 MP: 5/5
   462 | D:2      | Reached XP level 4. HP: 27/27 MP: 6/6
  2083 | D:3      | Found a faded altar of an unknown god.
  2449 | D:4      | Reached XP level 5. HP: 11/32 MP: 7/7
  2751 | D:4      | Noticed a phantom
  2755 | D:4      | Found a sacrificial altar of Ru.
  2983 | D:3      | Reached skill level 8 in Stealth
  3009 | D:3      | Slain by a gnoll

Illustrated notes

Levels and vault maps discovered:
D:1:      amcnicky_arrival_abandoned_market, layout_basic, minmay_tripent
D:2:      layout_rooms
D:3:      minmay_octagon_keep, layout_loops_ring,
          gammafunk_temple_overflow_wave, ebering_ecumenical_altar_rust,
          serial_bayou_pond_e
D:4:      layout_cave_pools, nicolae_overflow_crystal_walls, temple_fountains
D:5:      layout_gridville, lemuel_zombie_altar_kikubaaqudgha,
          minmay_tree_intersection, chequers_mini_garden, minmay_starry_boxes

Skill      XL: |  1  2  3  4  5 |
---------------+----------------+-----
Stealth        | 7 8 |  8.0
Short Blades   | 3 |  3.2
Fighting       | |  2.9
Throwing       | |  0.1
Dodging        | |  2.9
Evocations     | |  0.1

Action                   |  1- 3 |  4- 6 || total
-------------------------+-------+-------++-------
Melee: Short sword       |    21 |   205 ||   226
Throw: Javelin           |       |     4 ||     4
Evoke: Wand              |       |     1 ||     1
  Use: Potion            |       |     7 ||     7
       Scroll            |       |     3 ||     3
 Stab: Sleeping          |     3 |    14 ||    17
       Invisible         |       |     1 ||     1
Armor: Leather armour    |     6 |    63 ||    69
Dodge: Dodged            |     8 |   129 ||   137
